 Dungeon Crawl Stone Soup version 0.29-a0-506-ga2e7fffb44 (webtiles) character file.

Game seed: 9818953037192809450

88 frimble the Vandal (level 4, -1/36 HPs)
             Began as a Formicid Hunter on May 29, 2022.
             Killed by an exploding Ijyb (10 damage)
             ... ignited by their inner flame
             ... on level 3 of the Dungeon.
             The game lasted 00:03:49 (2887 turns).

frimble the Vandal (Formicid Hunter)                Turns: 2887, Time: 00:03:49

Health: -1/36      AC:  8    Str: 16    XL:     4   Next: 82%
Magic:  4/4        EV: 11    Int:  8    God:
Gold:   19         SH:  0    Dex: 16    Spells: 3/3 levels left

rFire   + . .      SeeInvis +   a - +1 hunting sling (vorpal)
rCold   + . .      Faith    .   (no shield)
rNeg    . . .      Spirit   .   k - +3 ring mail
rPois   +          Reflect  .   (helmet unavailable)
rElec   +          Harm     .   (no cloak)
rCorr   +          Rampage  .   (no gloves)
Will    .....                   (no boots)
Stlth   +.........              (no amulet)
HPRegen 0.12/turn               j - ring of flight
MPRegen 0.09/turn               (no ring)

@: resistant, flying
A: permanent stasis, dig shafts and tunnels, antennae 3, four strong arms
a: Dig, Shaft Self


You were on level 3 of the Dungeon.
You visited 1 branch of the dungeon, and saw 3 of its levels.

You collected 125 gold pieces.
You spent 106 gold pieces at shops.

Inventory:

Hand Weapons
 a - a +1 vorpal hunting sling (weapon)
Armour
 b - a +0 leather armour
 k - a +3 ring mail (worn)
Jewellery
 j - a ring of flight (left hand)
 m - a ring of wizardry
Potions
 d - a potion of mutation
 e - a potion of degeneration
 f - a potion of invisibility {unknown}
 g - a potion of lignification
 h - 2 potions of curing
 i - a potion of flight {unknown}


   Skills:
 + Level 3.6 Fighting
 + Level 5.3 Slings
 + Level 0.0 Armour
 - Level 2.4 Dodging
 - Level 1.2 Stealth


You had 3 spell levels left.
You didn't know any spells.
Your spell library was empty.

Dungeon Overview and Level Annotations

Branches:
Dungeon (3/15)

Altars:

Shops:
D:2 *

Annotations:
D:2 jumpie rf+


Innate Abilities, Weirdness & Mutations

You cannot be hasted, slowed, berserked, paralysed or teleported.
You can dig through walls and to a lower floor.
You have a pair of large antennae on your head. (SInv)
Your four strong arms can wield two-handed weapons with a shield.


Message History

You shoot a sling bullet. The sling bullet hits Ijyb!
Flame seeps out of Ijyb. x2
Ijyb is severely wounded.
Ijyb is engulfed in blazing flames.
Flame seeps out of Ijyb.
Fire: a) +1 hunting sling (vorpal)
Press: ? - help, Q - select action, (/) - cycle Shift-Dir - straight line, f/p - Ijyb
Aim: Ijyb, wielding a +0 club, wearing a +0 scale mail and carrying a wand of mindburst (10) (almost dead, inner flame, unusually resistant, 58% to hit)
You shoot a sling bullet.
The sling bullet hits Ijyb but does no damage.
Ijyb is almost dead.
Ijyb zaps a wand.
Your mind is blasted!
* * * LOW HITPOINT WARNING * * *
Fire: a) +1 hunting sling (vorpal)
Press: ? - help, Q - select action, (/) - cycle Shift-Dir - straight line, f/p - Ijyb
Aim: Ijyb, wielding a +0 club, wearing a +0 scale mail and carrying a wand of mindburst (9) (almost dead, inner flame, unusually resistant, 58% to hit)
You shoot a sling bullet. The sling bullet barely misses Ijyb.
Fire: a) +1 hunting sling (vorpal)
Press: ? - help, Q - select action, (/) - cycle Shift-Dir - straight line, f/p - Ijyb
Aim: Ijyb, wielding a +0 club, wearing a +0 scale mail and carrying a wand of mindburst (9) (almost dead, inner flame, unusually resistant, 58% to hit)
You shoot a sling bullet.
The sling bullet hits Ijyb but does no damage.
Ijyb is almost dead.
You don't know any spells.
Unknown command.
Unknown command.
You aren't carrying any items that you can evoke.
Okay, then.
You aren't carrying any scrolls.
It was a potion of curing.
You feel better. Ijyb hits you with a +0 club.
You feel better. Ijyb closely misses you.
You feel protected.
Ijyb zaps a wand.
Your mind is blasted!
* * * LOW HITPOINT WARNING * * *
Ijyb is nearby!
Fire: a) +1 hunting sling (vorpal)
Press: ? - help, Q - select action, (/) - cycle Shift-Dir - straight line, f/p - Ijyb
Aim: Ijyb, wielding a +0 club, wearing a +0 scale mail and carrying a wand of mindburst (8) (almost dead, inner flame, unusually resistant, 58% to hit)
You shoot a sling bullet. The sling bullet hits Ijyb.
Ijyb explodes!
The fiery explosion engulfs you! You resist.
You die...

.########.#
..........## #####
.#..####...## #...#
.#..###.....# #...#
.#.........#####...####
###.###.#.###..(......#
###.###.....))))......#
..#.......###.........#
#.#######+# ####@..####
#.# #.§§....# #.#
#§#...#.# ..# #.##.#..#
.#### . ..... ....+ ..
....... .#### ..
#...##. ## ... ... #


There were no monsters in sight!

Vanquished Creatures
  Ijyb (D:3)
  An orc wizard (D:3)
  A gnoll (D:1)
  3 orcs (D:3)
  2 ball pythons (D:2)
  5 endoplasms (D:1)
  A giant cockroach (D:1)
  2 goblins (D:2)
  4 hobgoblins (D:1)
  3 jackals (D:1)
  7 kobolds
  5 quokkas
  4 bats
  3 frilled lizards (D:1)
  5 rats
47 creatures vanquished.

Notes
Turn   | Place    | Note
-------+----------+-------------------------------------------
     0 | D:1      | frimble the Formicid Hunter began the quest for the Orb.
     0 | D:1      | Reached XP level 1. HP: 16/16 MP: 1/1
   149 | D:1      | Reached XP level 2. HP: 20/23 MP: 2/2
   584 | D:1      | Reached XP level 3. HP: 28/28 MP: 3/3
  1432 | D:2      | Reached XP level 4. HP: 35/35 MP: 4/4
  1529 | D:2      | Reached skill level 5 in Slings
  2100 | D:2      | Found Ifefuf's Assorted Antiques.
  2112 | D:2      | Bought an emerald potion for 25 gold pieces
  2112 | D:2      | Bought a yellow potion for 25 gold pieces
  2112 | D:2      | Bought a scroll labelled JYBEUG ZUBLORO for 28 gold pieces
  2112 | D:2      | Bought a scroll labelled OBANUSUBEWK for 28 gold pieces
  2875 | D:3      | Noticed Ijyb
  2887 | D:3      | Killed Ijyb
  2887 | D:3      | Killed by an exploding Ijyb... ignited by their inner flame

Illustrated notes

Levels and vault maps discovered:
D:1:      moated_graveyard_arrival, layout_loops_cross, minivault_5
D:2:      layout_basic, serial_shops, shop, dreamdust_wishing_well,
          dk_noncrumbling_4, lemuel_flame_loot_1
D:3:      layout_loops_corners, pdpol_wu_jian_five_deadly_venoms, uniq_ijyb,
          uniq_jessica

Skill      XL: |  1  2  3  4 |
---------------+-------------+-----
Dodging        | 2 |  2.4
Fighting       | 3 |  3.6
Slings         | 5 |  5.3
Stealth        | |  1.2

Action                   |  1- 3 |  4- 6 || total
-------------------------+-------+-------++-------
Melee: Unarmed           |     5 |       ||     5
 Fire: Hunting sling     |   106 |    49 ||   155
 Abil: Dig               |     1 |       ||     1
  Use: Scroll            |       |    10 ||    10
       Potion            |       |     3 ||     3
Armor: Leather armour    |    10 |     2 ||    12
Dodge: Dodged            |    31 |     6 ||    37

Table legend: (Time is in decaauts)
 A = Elapsed time spent in this place.
 B = Non-inter-level travel time spent in this place.
 C = Inter-level travel time spent in this place.
 D = Time resting spent in this place.
 E = Time spent auto-exploring this place.
 F = Levels seen in this place.
 G = Mean time per level.
                   A        B        C        D        E       F      G
               +--------+--------+--------+--------+--------+-----+--------+
         Total |   2930 |   2860 |     70 |    363 |   2139 |   3 |  976.7 |
       Dungeon |   2930 |   2860 |     70 |    363 |   2139 |   3 |  976.7 |
               +--------+--------+--------+--------+--------+-----+--------+

Top non-repeatable levels by time:
     D:2: 1336 daAuts
     D:1: 1299 daAuts
     D:3: 294 daAuts
